[Event "Titled Tuesday Blitz December 20 Late 2022"]
[White "Urbina Perez, Juan Antonio"]
[Black "Thiel, Thomas"]
[WhiteFideId "2217368"]
[BlackFideId "4615964"]
[WhiteElo "2197"]
[BlackElo "2237"]
[Result "1-0"]
[Round "03"]
[TimeControl "180+1"]
[Date "2022.12.21"]
[WhiteClock "0:00:10"]
[BlackClock "0:00:01"]

1. d4 Nf6 2. Nf3 g6 3. Nbd2 Bg7 4. e4 d5 5. e5 Ne4 6. Bd3 Nxd2 7. Bxd2 O-O 8. Qc1 c5 9. c3 cxd4 10. cxd4 Nc6 11. h3 Re8 12. O-O Bd7 13. Bh6 Bh8 14. Qf4 Rc8 15. h4 Be6 16. Ng5 Qd7 17. h5 Nb4 18. hxg6 fxg6 19. Bb1 Nc2 20. Qg3 Bf5 21. Bxc2 Rxc2 22. Rac1 Rec8 23. Rxc2 Rxc2 24. Qb3 Rc4 25. Qe3 e6 26. f3 Bg7 27. Bxg7 Kxg7 28. g4 Bc2 29. Qf4 Qe7 30. Rf2 Bb1 31. Rh2 h6 32. Nf7 g5 33. Qe3 Qxf7 34. b3 Rc2 35. Rh5 Rxa2 36. Rxg5+ hxg5 37. Qxg5+ Bg6 38. f4 Ra1+ 39. Kg2 Qc7 40. Qf6+ Kh7 41. Qh4+ Kg8 42. Qf6 Qc2+ 43. Kg3 Qxb3+ 44. Kh4 Rh1+ 45. Kg5 1-0


[Site "https://www.chess.com"]

[Event "Titled Tuesday Blitz December 20 Late 2022"]
[White "Veiga, Jose Francisco R P Neves"]
[Black "Belenkaya, Dina"]
[WhiteFideId "1930087"]
[BlackFideId "24142654"]
[WhiteElo "2320"]
[BlackElo "2209"]
[Result "1-0"]
[Round "03"]
[TimeControl "180+1"]
[Date "2022.12.21"]
[WhiteClock "0:00:06"]
[BlackClock "0:00:02"]

1. e4 d5 2. exd5 Qxd5 3. Nc3 Qe5+ 4. Be2 c6 5. Nf3 Qc7 6. d4 Nf6 7. O-O Bf5 8. Ne5 Nbd7 9. Bf4 Nxe5 10. Bxe5 Qb6 11. Na4 Qa5 12. c4 e6 13. Qb3 O-O-O 14. Nc3 Bd6 15. Bxd6 Rxd6 16. Rad1 Rhd8 17. d5 exd5 18. cxd5 Nxd5 19. Nxd5 Rxd5 20. Rc1 Be6 21. Bc4 Re5 22. Bxe6+ Rxe6 23. h3 Qd5 24. Qg3 Rg6 25. Qh2 Qxa2 26. Rfe1 Re6 27. Rf1 Qxb2 28. Rb1 Qe5 29. g3 Qe4 30. Rfe1 Qxe1+ 31. Rxe1 Rxe1+ 32. Kg2 Rdd1 33. g4 a5 34. Qf4 b5 35. Qf5+ Kc7 36. Qxf7+ Kb6 37. Qxg7 Rg1+ 38. Kf3 a4 39. Qf8 Rge1 40. Qb8+ Kc5 41. Qa7+ Kc4 42. Qf7+ Kb4 43. Qxh7 Rd4 44. Qc2 Rc4 45. Qb2+ Kc5 46. Qa3+ Kb6 47. Qf8 Rec1 48. Qb8+ Kc5 49. g5 R1c3+ 50. Kg2 a3 51. g6 a2 52. Qa7+ Kb4 53. Qxa2 Ra3 54. Qb2+ Rb3 55. Qg7 Rc2 56. Qf8+ c5 57. g7 Rbb2 58. g8=Q 1-0


[Site "https://www.chess.com"]

[Event "Titled Tuesday Blitz December 20 Late 2022"]
[White "Vlassov, Nikolai"]
[Black "Flynn, Jacob"]
[WhiteFideId "4103360"]
[BlackFideId "2509393"]
[WhiteElo "2324"]
[BlackElo "2053"]
[Result "1-0"]
[Round "03"]
[TimeControl "180+1"]
[Date "2022.12.21"]
[WhiteClock "0:00:13"]
[BlackClock "0:00:07"]

1. e4 e5 2. Bc4 Nf6 3. d3 Nc6 4. Nf3 Bc5 5. Bg5 h6 6. Bh4 Be7 7. Nc3 d6 8. Bxf6 Bxf6 9. Nd5 O-O 10. h3 Be6 11. Qd2 Bxd5 12. Bxd5 Ne7 13. Bb3 c6 14. O-O d5 15. Rae1 Qd6 16. Qe3 Ng6 17. Nh2 Bg5 18. Qf3 Rad8 19. Ng4 Rfe8 20. g3 Be7 21. Ne3 dxe4 22. dxe4 Qf6 23. Nf5 Bc5 24. Nxh6+ Kh7 25. Qxf6 gxf6 26. Nf5 Rd2 27. Bxf7 Rf8 28. Bb3 Rfd8 29. Kg2 b5 30. Kf3 a5 31. a4 Ne7 32. Nxe7 Bxe7 33. Re2 R2d4 34. axb5 cxb5 35. Bd5 a4 36. Kg2 f5 37. Rfe1 Kg7 38. c3 Rd3 39. Bc6 f4 40. f3 b4 41. Bxa4 bxc3 42. bxc3 Rxc3 43. Rd1 Ra8 44. Rd7 Kf6 45. Bb5 Raa3 46. gxf4 Rxf3 47. fxe5+ Ke6 48. Rb7 Rg3+ 49. Kf1 Raf3+ 50. Ke1 Bb4+ 51. Kd1 Rg1+ 52. Kc2 Rc3+ 53. Kb2 Rgc1 54. Bd7+ Kxe5 55. Rxb4 Rc7 56. Bf5 R1c5 57. Rd2 Kf4 58. Bg4 Ke3 59. Re2+ Kf4 60. e5+ Kg5 61. e6 Kf6 62. e7 Rxe7 63. Rf4+ Kg5 64. Rxe7 Kxf4 65. Rg7 Kg3 66. Kb3 Kh4 67. Kb4 Rg5 68. Rh7+ Kg3 69. Kc4 Re5 70. Kd4 Re1 71. Kd3 Re8 72. Bf5 Kf4 73. Rf7 Rd8+ 74. Ke2 Kg5 75. Kf3 Kh6 76. Bg4 Kg6 77. Rf5 Rd6 78. Ra5 Rf6+ 79. Kg3 Kg7 80. h4 Kh8 81. h5 Rf8 82. Kh4 Rd8 83. Kg5 Rg8+ 84. Kh4 Rb8 85. Bf5 Rb4+ 86. Kg5 Rb8 87. Kh6 Rf8 88. Bg6 Rb8 89. Ra7 Rd8 90. Rh7+ Kg8 91. Bf7+ Kf8 92. Rh8+ Ke7 93. Rxd8 Kxd8 94. Kg7 Ke7 95. h6 1-0


[Site "https://www.chess.com"]

[Event "Titled Tuesday Blitz December 20 Late 2022"]
[White "Walentukiewicz, Michal"]
[Black "Polster, Christian"]
[WhiteFideId "1126903"]
[BlackFideId "12965081"]
[WhiteElo "2028"]
[BlackElo "2195"]
[Result "1/2-1/2"]
[Round "03"]
[TimeControl "180+1"]
[Date "2022.12.21"]
[WhiteClock "0:01:44"]
[BlackClock "0:00:18"]

1. g3 d5 2. Bg2 Nf6 3. c4 d4 4. d3 c5 5. Nf3 Nc6 6. O-O e5 7. e3 Bd6 8. exd4 cxd4 9. Na3 h6 10. Nc2 Nd7 11. b4 Nxb4 12. Nxb4 Bxb4 13. Qa4 Bd6 14. Ba3 Bxa3 15. Qxa3 Qe7 16. Qxe7+ Kxe7 17. Rfe1 Kd6 18. c5+ Nxc5 19. Nxe5 Be6 20. Rab1 Rab8 21. Nc4+ Kd7 22. Re5 b6 23. Bf1 Rhc8 24. f4 f6 25. Ree1 Nxd3 26. Bxd3 Bxc4 27. Bf5+ Kd6 28. Bxc8 Rxc8 29. Rbd1 d3 30. Kf2 Kd5 31. Re2 Kd4 32. Re7 Bxa2 33. Rxa7 Rc2+ 34. Kf3 Bd5+ 35. Kg4 b5 36. Rxg7 b4 37. Rd7 b3 38. Rxd3+ Kxd3 39. Rxd5+ Kc4 40. Rd8 b2 41. Rb8 Rxh2 42. Kf5 Kc3 43. Kxf6 Kc2 44. Rc8+ Kd1 45. Rb8 Kc1 46. g4 b1=Q 47. Rxb1+ Kxb1 48. g5 hxg5 49. fxg5 Rf2+ 50. Ke7 Kc2 51. g6 Kd3 52. g7 Rg2 53. Kf7 Rxg7+ 54. Kxg7 1/2-1/2


[Site "https://www.chess.com"]

[Event "Titled Tuesday Blitz December 20 Late 2022"]
[White "Ward, Ieuan C"]
[Black "Taboas Rodriguez, Daniel"]
[WhiteFideId "406627"]
[BlackFideId "2208466"]
[WhiteElo "2351"]
[BlackElo "2329"]
[Result "1-0"]
[Round "03"]
[TimeControl "180+1"]
[Date "2022.12.21"]
[WhiteClock "0:00:09"]
[BlackClock "0:00:10"]

1. e4 e5 2. Nf3 Nc6 3. Bc4 Nf6 4. d3 Bc5 5. c3 d6 6. O-O a6 7. h3 Ba7 8. Bb3 Be6 9. Bc2 h6 10. Re1 O-O 11. Nbd2 Ne7 12. d4 Ng6 13. Nf1 Re8 14. Ng3 c6 15. a4 Qe7 16. Nf5 Qf8 17. b3 Rad8 18. Ba3 exd4 19. cxd4 Bxf5 20. exf5 Nf4 21. Qd2 N6d5 22. f6 gxf6 23. Kh2 Bb8 24. g3 Ng6 25. h4 h5 26. Qd3 Kg7 27. Qf5 Qh8 28. Rxe8 Rxe8 29. Re1 Rxe1 30. Nxe1 Qe8 31. Ng2 Qe2 32. Be4 Nde7 33. Qf3 Qxf3 34. Bxf3 Nf5 35. d5 cxd5 36. Bxd5 b6 37. Bb7 a5 38. Bf3 Nd4 39. Bd1 Ne5 40. Nf4 Ng4+ 41. Kg2 Kh6 42. Nd5 b5 43. Bb2 Ne6 44. axb5 Nc5 45. b6 Kg6 46. Bc2+ f5 47. f3 Ne5 48. Ne3 Ncd7 49. Bxf5+ Kf6 50. Bxd7 Ke7 51. Bxe5 dxe5 52. Bf5 Kd6 53. Be4 Kc5 54. Nf5 Kxb6 55. g4 Kc5 56. gxh5 Kb4 57. h6 Kxb3 58. h7 a4 59. h8=Q Ba7 60. Qc8 a3 61. Qc2+ Kb4 62. Bd5 Bd4 63. Bxf7 Bb2 64. Qb1 Kc5 65. Qa2 Kb4 66. h5 Kc3 67. h6 e4 68. fxe4 Kd2 69. Kf3 Kc1 70. h7 Kd1 71. Kf4 Kd2 72. e5 Kd3 73. h8=Q Kd2 74. Qh2+ Kd3 75. Qg3+ Kc2 76. Bb3+ Kd2 77. Qe3# 1-0


[Site "https://www.chess.com"]

[Event "Titled Tuesday Blitz December 20 Late 2022"]
[White "White, John S."]
[Black "Ankerst, Mihael"]
[WhiteFideId "2502348"]
[BlackFideId "14602369"]
[WhiteElo "1966"]
[BlackElo "2356"]
[Result "0-1"]
[Round "03"]
[TimeControl "180+1"]
[Date "2022.12.21"]
[WhiteClock "0:00:20"]
[BlackClock "0:01:20"]

1. e4 c5 2. Nf3 Qb6 3. Nc3 Nc6 4. g3 e6 5. Bg2 d6 6. O-O Nf6 7. Re1 Be7 8. e5 dxe5 9. Nxe5 Nxe5 10. Rxe5 Bd7 11. d3 Bc6 12. Bxc6+ Qxc6 13. Qe2 O-O 14. Bg5 h6 15. Bd2 Rfd8 16. Ne4 Nd5 17. Nc3 Nf6 18. Ne4 Nd7 19. Rh5 f5 20. Nc3 Bf6 21. Re1 Re8 22. Bxh6 Ne5 23. Rd1 Nf3+ 24. Kf1 gxh6 25. Rxh6 Bg7 26. Rh3 Rad8 27. g4 Nd4 28. Qe3 Qh1# 0-1


[Site "https://www.chess.com"]

[Event "Titled Tuesday Blitz December 20 Late 2022"]
[White "Wieczorek, Zbigniew"]
[Black "Dzierzak, Radoslaw"]
[WhiteFideId "1102001"]
[BlackFideId "1161407"]
[WhiteElo "2226"]
[BlackElo "2111"]
[Result "0-1"]
[Round "03"]
[TimeControl "180+1"]
[Date "2022.12.21"]
[WhiteClock "0:00:09"]
[BlackClock "0:00:27"]

1. Nf3 Nf6 2. g3 d5 3. Bg2 e6 4. O-O c5 5. d3 Nc6 6. Nbd2 Be7 7. e4 Qc7 8. Re1 dxe4 9. dxe4 e5 10. c3 Be6 11. Qe2 O-O 12. a4 Na5 13. Ng5 Bg4 14. f3 Bd7 15. Nh3 c4 16. Nf2 Be6 17. Kh1 Nd7 18. Nd1 Nc5 19. Ne3 Nd3 20. Rf1 Rad8 21. Nd5 Bxd5 22. exd5 Rxd5 23. f4 Rdd8 24. f5 Bg5 25. Ne4 Bxc1 26. Raxc1 f6 27. Rcd1 Nb3 28. Nf2 Nbc5 29. Nxd3 Nxd3 30. b3 b6 31. Qe4 Qc5 32. Qxc4+ Qxc4 33. bxc4 Nf2+ 34. Rxf2 Rxd1+ 35. Bf1 Rfd8 36. Kg2 Rc1 37. Rf3 Rd2+ 38. Kh3 Rcc2 39. c5 h5 40. Bc4+ Kh7 41. g4 Rxh2+ 42. Kg3 h4# 0-1


[Site "https://www.chess.com"]

[Event "Titled Tuesday Blitz December 20 Late 2022"]
[White "Winterberg, Lukas"]
[Black "Maksimovic, Bojan"]
[WhiteFideId "24622702"]
[BlackFideId "14408120"]
[WhiteElo "2350"]
[BlackElo "2462"]
[Result "0-1"]
[Round "03"]
[TimeControl "180+1"]
[Date "2022.12.21"]
[WhiteClock "0:00:16"]
[BlackClock "0:00:07"]

1. Nf3 Nf6 2. c4 g6 3. Nc3 Bg7 4. e4 d6 5. d4 O-O 6. Be2 Nbd7 7. h3 e5 8. d5 Nh5 9. g3 Bf6 10. Nh2 Ng7 11. Ng4 Be7 12. h4 h5 13. Nh6+ Kh7 14. g4 Nf6 15. g5 Ng8 16. Nxg8 Kxg8 17. Be3 f6 18. gxf6 Bxf6 19. Qd2 Bxh4 20. O-O-O Bxf2 21. Bg5 Qd7 22. Kb1 a6 23. Rdf1 Bg3 24. Rxf8+ Kxf8 25. Bh6 Kg8 26. Qg5 Bf4 27. Qxg6 Qf7 28. Bxh5 Qxg6 29. Bxg6 Bd7 30. Ne2 Bxh6 31. Rxh6 Rf8 32. Ng3 Rf3 33. Nh5 Nxh5 34. Bxh5 Kg7 35. Bxf3 Kxh6 36. Kc2 Kg5 37. Kd3 Kf4 38. Bg2 Be8 39. b4 b6 40. a3 Bh5 41. Bh3 Bf3 42. Bf5 Bg4 43. Bg6 Bf3 44. Bh7 Bg2 45. Bg6 Bf1+ 46. Kc3 Ke3 47. Bf5 Bg2 48. Bc8 a5 49. c5 axb4+ 50. axb4 bxc5 51. bxc5 Kxe4 52. cxd6 cxd6 53. Kc4 Bf1+ 54. Kc3 Kxd5 55. Bb7+ Kc5 56. Kd2 d5 57. Ke3 Bc4 58. Bc8 Bb5 59. Kd2 Be8 60. Bg4 Bg6 61. Ke3 d4+ 62. Kd2 e4 63. Ke2 Kd5 64. Bh3 Ke5 65. Bf5 Bxf5 0-1


[Site "https://www.chess.com"]

[Event "Titled Tuesday Blitz December 20 Late 2022"]
[White "Yedidia, Daniel"]
[Black "Skibbe, Willi"]
[WhiteFideId "30905907"]
[BlackFideId "4682190"]
[WhiteElo "2567"]
[BlackElo "2359"]
[Result "1-0"]
[Round "03"]
[TimeControl "180+1"]
[Date "2022.12.21"]
[WhiteClock "0:01:45"]
[BlackClock "0:01:30"]

1. d4 d5 2. c4 e6 3. Nc3 Nf6 4. cxd5 exd5 5. Bg5 Be7 6. e3 O-O 7. Bd3 h6 8. Bh4 Re8 9. Nge2 c6 10. O-O Nbd7 11. Qc2 Nh5 12. Bxe7 Qxe7 13. Rad1 Nhf6 14. Rfe1 b5 15. Ng3 Nb6 16. e4 dxe4 17. Ncxe4 Nxe4 18. Bxe4 Kf8 19. Re2 Qc7 20. Qc5+ Re7 21. Bxc6 Bb7 22. Rxe7 Qxc6 23. Rxb7+ Qxc5 24. dxc5 1-0


[Site "https://www.chess.com"]

[Event "Titled Tuesday Blitz December 20 Late 2022"]
[White "Yuan, Qingyu"]
[Black "Pein, Jonathan"]
[WhiteFideId "8609772"]
[BlackFideId "417092"]
[WhiteElo "2359"]
[BlackElo "2225"]
[Result "1/2-1/2"]
[Round "03"]
[TimeControl "180+1"]
[Date "2022.12.21"]
[WhiteClock "0:00:19"]
[BlackClock "0:00:21"]

1. e4 e5 2. Nf3 d6 3. d4 exd4 4. Nxd4 Nf6 5. Nc3 g6 6. Bf4 Bg7 7. Qd2 O-O 8. O-O-O Nc6 9. f3 Nxd4 10. Qxd4 Nh5 11. Qd2 Nxf4 12. Qxf4 Be6 13. Nd5 c6 14. Ne3 Qa5 15. a3 b5 16. Qxd6 Rfd8 17. Qc5 Rxd1+ 18. Nxd1 Qe1 19. Qe3 Bh6 20. f4 Qxe3+ 21. Nxe3 Bxf4 22. Kd2 Bg4 23. h3 Rd8+ 24. Bd3 Be6 25. Ke2 a6 26. Rd1 Kg7 27. c3 h5 28. Bc2 Re8 29. Kf3 Be5 30. Kf2 h4 31. Kf3 a5 32. Rd2 a4 33. Rd1 Kf8 34. Rd2 Ke7 35. Rd1 f6 36. Rd2 g5 37. Rd1 Bf4 38. Ng4 Kf7 39. Nf2 Kg6 40. Nd3 Bd6 41. e5 Bd5+ 42. Kf2 Bc7 43. Nf4+ Kg7 44. exf6+ Kxf6 45. Nxd5+ cxd5 46. Rxd5 Bg3+ 47. Kf3 Re5 48. Rd6+ Re6 49. Rd5 Re5 50. Rd6+ Re6 51. Rxe6+ Kxe6 52. Bd3 Bf4 53. Bxb5 Bc1 54. Bxa4 Bxb2 55. Bb3+ Ke5 56. Kg4 Kf6 57. a4 Bxc3 58. Kf3 Ke5 59. Kg4 Bd2 60. Bc2 Kf6 61. Kf3 Ba5 62. Ke4 Bb4 63. Kd5 Ke7 64. Kc6 Kd8 65. Bf5 Bd2 66. Kb6 Be3+ 67. Kb7 Bd2 68. Kb6 Be3+ 69. Kb7 Bd2 70. Kc6 Be1 71. Kb5 Kc7 72. a5 Kb7 73. Be4+ Ka7 74. Bc6 Bd2 75. Bf3 Bf4 76. Be2 Bg3 77. a6 Bf4 78. Kc6 Bg3 79. Kd5 Bf4 80. Ke6 Bc1 81. Kf5 Bf4 82. Kg4 Bc1 83. g3 hxg3 84. Kxg3 Bf4+ 85. Kf3 Bc1 86. Kg4 Bd2 87. Kf5 Bc1 88. Ke4 Bf4 89. Kd4 Bc1 90. Kd5 Kb6 91. Ke4 Ka7 92. Kf5 Kb6 93. Ke6 Ka7 94. Kd7 Bf4 95. Kc8 Bc1 96. Kd8 Bf4 97. Ke7 Bc1 98. Kf6 Bd2 99. Ke6 Bc1 100. Ke5 Kb6 101. Ke4 Ka7 102. Kd3 Bf4 103. Kc3 Be5+ 104. Kd3 Bf4 105. Ke4 Bc1 1/2-1/2


[Site "https://www.chess.com"]

[Event "Titled Tuesday Blitz December 20 Late 2022"]
[White "Zakhartsov, Vladimir"]
[Black "Koutlas, Nikolaos"]
[WhiteFideId "4145097"]
[BlackFideId "25827138"]
[WhiteElo "2535"]
[BlackElo "2167"]
[Result "1-0"]
[Round "03"]
[TimeControl "180+1"]
[Date "2022.12.20"]
[WhiteClock "0:00:29"]
[BlackClock "0:00:05"]

1. c4 b6 2. d4 Bb7 3. Nc3 e6 4. a3 Nf6 5. Nf3 d5 6. cxd5 exd5 7. Bg5 h6 8. Bh4 Be7 9. e3 O-O 10. Bd3 c5 11. O-O c4 12. Bc2 Re8 13. Ne5 Nfd7 14. Bg3 Nxe5 15. dxe5 Bc5 16. Qf3 Nd7 17. Nxd5 Nxe5 18. Nf6+ Qxf6 19. Qxb7 Rad8 20. Rad1 Nd3 21. b4 Bd6 22. Bxd3 Bxg3 23. fxg3 Qe6 24. Bc2 Rxd1 25. Bxd1 Qxe3+ 26. Kh1 Re7 27. Qc8+ Kh7 28. Qxc4 Qxa3 29. Bc2+ g6 30. Rxf7+ Kh8 31. Rf8+ Kg7 32. Qg8# 1-0


[Site "https://www.chess.com"]

[Event "Titled Tuesday Blitz December 20 Late 2022"]
[White "monkins"]
[Black "Janaszak, Dawid"]
[BlackFideId "1119206"]
[WhiteElo "2234"]
[BlackElo "2220"]
[Result "0-1"]
[Round "03"]
[TimeControl "180+1"]
[Date "2022.12.21"]
[WhiteClock "0:00:05"]
[BlackClock "0:00:29"]

1. Nf3 g6 2. g3 Bg7 3. Bg2 e5 4. d3 d6 5. c4 Ne7 6. Nc3 O-O 7. O-O c5 8. a3 Nbc6 9. Rb1 a5 10. Bd2 h6 11. Nb5 Be6 12. b4 axb4 13. axb4 b6 14. Ne1 Qd7 15. Nc2 Rad8 16. Re1 Bh3 17. Bh1 Bg4 18. bxc5 bxc5 19. Ne3 Be6 20. Nc3 Nb4 21. Ncd5 Nbxd5 22. cxd5 Bh3 23. Nc4 f5 24. Ba5 Rb8 25. Qc2 f4 26. Rxb8 Rxb8 27. Rb1 Rf8 28. Rb6 Nf5 29. Bc3 fxg3 30. hxg3 Qf7 31. e3 Qe7 32. e4 Nxg3 33. fxg3 Rf1+ 34. Kh2 Qf6 35. Kxh3 Rxh1+ 36. Qh2 Qf1+ 37. Kg4 h5+ 38. Kg5 Qf6# 0-1


[Site "https://www.chess.com"]

[Event "Titled Tuesday Blitz December 20 Late 2022"]
[White "Abdrlauf, Elham"]
[Black "Chigaev, Maksim"]
[WhiteFideId "1533533"]
[BlackFideId "4108116"]
[WhiteElo "2454"]
[BlackElo "2542"]
[Result "0-1"]
[Round "04"]
[TimeControl "180+1"]
[Date "2022.12.20"]
[WhiteClock "0:00:07"]
[BlackClock "0:00:13"]

1. e4 c5 2. Nf3 d6 3. d4 cxd4 4. Nxd4 Nf6 5. Nc3 a6 6. Bc4 e6 7. Bb3 Nbd7 8. f4 Nc5 9. f5 Be7 10. Qf3 O-O 11. Be3 Qc7 12. O-O-O b5 13. fxe6 fxe6 14. e5 Nfe4 15. Bxe6+ Kh8 16. Bf4 Nxc3 17. Qxa8 Bxe6 18. Nxe6 Nxe6 19. exd6 Qc4 20. Qf3 Nxa2+ 21. Kb1 Bf6 22. Qb3 Qxf4 23. Qxe6 Nb4 24. Qb3 a5 25. Rhe1 a4 26. Qa3 Nc6 27. Rf1 Qe5 28. d7 b4 29. Qa1 a3 30. Qa2 h6 31. Rfe1 Qc5 32. Qb3 axb2 33. Re8 Nd8 34. Qd3 Be7 35. Rxf8+ Bxf8 36. Qf3 Be7 37. Qb3 Bf6 38. c4 bxc3 39. Qc2 Qa3 40. Qe4 Qa1+ 41. Kc2 Qa2 42. Qe8+ Kh7 43. Qe4+ g6 44. Kd3 b1=Q+ 45. Rxb1 Qxb1+ 46. Ke3 Qxe4+ 47. Kxe4 c2 48. Kf4 c1=Q+ 49. Kf3 Qc6+ 50. Kg3 Qxd7 51. h4 Nf7 52. h5 gxh5 53. Kh2 Qg4 54. g3 Qe2+ 55. Kh3 Ng5+ 56. Kh4 Qh2# 0-1


[Site "https://www.chess.com"]

[Event "Titled Tuesday Blitz December 20 Late 2022"]
[White "Adel, Sara"]
[Black "Kohler, Aran"]
[WhiteFideId "10616764"]
[BlackFideId "1002856"]
[WhiteElo "1997"]
[BlackElo "2333"]
[Result "0-1"]
[Round "04"]
[TimeControl "180+1"]
[Date "2022.12.21"]
[WhiteClock "0:00:28"]
[BlackClock "0:00:26"]

1. e4 c5 2. Nc3 d6 3. f4 a6 4. a4 e6 5. Nf3 Nc6 6. Bc4 Nf6 7. d3 d5 8. Bb3 Be7 9. O-O O-O 10. Qe1 d4 11. Ne2 Na5 12. Ba2 b5 13. h3 Bb7 14. g4 Nd7 15. g5 Nb6 16. Qxa5 b4 17. c3 dxc3 18. bxc3 Qxd3 19. Ng3 Nd7 20. cxb4 Bd8 21. Bb1 Qc4 22. Ba2 Qc3 23. Bd2 Qd3 24. bxc5 Bxa5 25. Bxa5 Nxc5 26. Rad1 Qa3 27. Bb6 Nxe4 28. Bb1 Nxg3 29. Rf2 Ne4 30. Re2 Qxa4 31. Bc2 Qb5 32. Rxe4 Bxe4 33. Rb1 Qe2 34. Bxe4 Qxe4 35. Nd2 Qe3+ 36. Bxe3 a5 37. Re1 a4 38. Kf2 a3 39. Ra1 a2 40. Nc4 Rfb8 41. Bd4 Rb1 42. Nd2 Rxa1 43. Bxa1 Rb8 44. Ke3 Rb1 45. Nb3 Rxb3+ 46. Kd2 Rb1 47. g6 Rxa1 48. gxf7+ Kxf7 49. Kc2 Rh1 50. Kd2 a1=Q 51. Ke3 Qc3+ 52. Ke4 Qxh3 53. f5 Re1+ 54. Kd4 Qxf5 55. Kc4 Qd5+ 56. Kc3 Rc1+ 57. Kb4 Qd2+ 58. Ka3 Rc3+ 59. Kb4 Qd4+ 60. Kb5 Rc5+ 61. Kb6 Qd6+ 62. Kb7 Rc7+ 63. Ka8 Qd8# 0-1


[Site "https://www.chess.com"]

[Event "Titled Tuesday Blitz December 20 Late 2022"]
[White "Akrakan"]
[Black "Gonzalez, Francisco Silva"]
[BlackFideId "1512285"]
[WhiteElo "2106"]
[BlackElo "2220"]
[Result "0-1"]
[Round "04"]
[TimeControl "180+1"]
[Date "2022.12.21"]
[WhiteClock "0:00:49"]
[BlackClock "0:01:18"]

1. e4 e5 2. Nf3 Nc6 3. Bc4 Bc5 4. O-O Nf6 5. b4 Bb6 6. b5 Na5 7. Bd3 d5 8. Re1 O-O 9. Bb2 dxe4 10. Bxe4 Nc4 11. Bc3 Ng4 12. Rf1 f5 13. Bd3 Be6 14. Bxc4 Bxc4 15. d3 e4 16. Ne5 Nxe5 17. Bxe5 Bxb5 18. c4 Bc6 19. d4 Qe7 20. Nc3 Rad8 21. Qb3 Bxd4 22. Bxd4 Rxd4 23. Ne2 Rd3 24. Qc2 f4 25. Rad1 Rxd1 26. Rxd1 f3 27. Ng3 e3 28. fxe3 fxg2 29. Qd3 Qf6 30. Rd2 h5 31. e4 h4 32. Nf5 Qa1+ 33. Kxg2 Rxf5 34. Qd8+ Rf8 35. Qxh4 Qf1+ 0-1


[Site "https://www.chess.com"]

[Event "Titled Tuesday Blitz December 20 Late 2022"]
[White "Alfaro, William"]
[Black "Perske, Thore"]
[WhiteFideId "6100457"]
[BlackFideId "12902195"]
[WhiteElo "2096"]
[BlackElo "2336"]
[Result "0-1"]
[Round "04"]
[TimeControl "180+1"]
[Date "2022.12.21"]
[WhiteClock "0:01:04"]
[BlackClock "0:00:57"]

1. Nf3 Nf6 2. g3 g6 3. Bg2 Bg7 4. O-O O-O 5. d3 d6 6. e4 c5 7. Nc3 Nc6 8. h3 Rb8 9. a4 a6 10. Re1 e5 11. Bg5 h6 12. Be3 b5 13. axb5 axb5 14. Qd2 b4 15. Na4 Kh7 16. b3 Be6 17. Nb2 Nd7 18. Nc4 Nb6 19. Ra6 Nxc4 20. dxc4 Qc7 21. Rd1 Rfd8 22. Nh2 Qb7 23. Ra4 Ra8 24. Rxa8 Qxa8 25. Ng4 h5 26. Nh2 Qa2 27. Nf3 f6 28. Ne1 Nd4 29. Rc1 Ra8 30. Qd1 Bh6 31. Bxh6 Kxh6 32. Bf1 Qb2 33. Ng2 Bxh3 34. Ne3 Be6 35. Qd2 Nf3+ 0-1


[Site "https://www.chess.com"]

[Event "Titled Tuesday Blitz December 20 Late 2022"]
[White "Andrews, Todd"]
[Black "Novik, Maxim"]
[WhiteFideId "2012456"]
[BlackFideId "4102924"]
[WhiteElo "2331"]
[BlackElo "2291"]
[Result "0-1"]
[Round "04"]
[TimeControl "180+1"]
[Date "2022.12.21"]
[WhiteClock "0:00:07"]
[BlackClock "0:01:07"]

1. e4 c5 2. Nf3 e6 3. d3 d5 4. Nbd2 Nc6 5. g3 Nf6 6. Bg2 Be7 7. O-O O-O 8. Re1 b5 9. e5 Nd7 10. Nf1 Qc7 11. Bf4 Bb7 12. c3 Rfc8 13. h4 Qd8 14. N1h2 a5 15. a4 b4 16. d4 bxc3 17. bxc3 cxd4 18. cxd4 Nb4 19. Rb1 Ba6 20. Re3 Nb6 21. h5 h6 22. Ng4 Bf8 23. Nd2 Qe8 24. Bxh6 Nxa4 25. Bxg7 Bxg7 26. h6 Bh8 27. Nf6+ Bxf6 28. exf6 Kh8 29. Qh5 Nc3 30. Ra1 Bd3 31. Re5 Bg6 32. Qh4 Nc2 33. Rc1 Nxd4 34. Qxd4 Ne2+ 35. Rxe2 Rxc1+ 36. Kh2 a4 37. Nf3 Qf8 38. Qh4 a3 39. Ne5 a2 40. Rxa2 Rxa2 41. Qg5 Qg8 42. f4 Rcc2 43. f5 Rxg2+ 44. Kh3 Rh2+ 45. Kg4 Bxf5+ 0-1


[Site "https://www.chess.com"]

[Event "Titled Tuesday Blitz December 20 Late 2022"]
[White "Ankerst, Mihael"]
[Black "gshwbedhkhd"]
[WhiteFideId "14602369"]
[WhiteElo "2358"]
[BlackElo "2574"]
[Result "1/2-1/2"]
[Round "04"]
[TimeControl "180+1"]
[Date "2022.12.21"]
[WhiteClock "0:00:22"]
[BlackClock "0:00:03"]

1. e4 c5 2. Nf3 e6 3. d4 cxd4 4. Nxd4 Nf6 5. Nc3 Nc6 6. Nxc6 bxc6 7. e5 Nd5 8. Nxd5 cxd5 9. Bd3 d6 10. Bf4 Rb8 11. O-O Rxb2 12. Qf3 Rb6 13. Qg3 h6 14. h4 g6 15. Rab1 Bg7 16. exd6 O-O 17. Rfe1 Bd7 18. Rb3 Qb8 19. Qe3 d4 20. Qd2 Re8 21. Bxh6 Qxd6 22. h5 e5 23. hxg6 fxg6 24. Qg5 Qf6 25. Qxf6 Rxf6 26. Bxg7 Kxg7 27. Rb7 Rf7 28. Rxa7 Bf5 29. Rxf7+ Kxf7 30. Bc4+ Kf6 31. Bb3 Rc8 32. Rd1 Bxc2 33. Rc1 d3 34. Bxc2 Rxc2 35. Rd1 d2 36. Kf1 Rxa2 37. Ke2 Kf5 38. Rxd2 Ra4 39. Rd3 g5 40. Rf3+ Ke4 41. Re3+ Kf5 42. Rc3 g4 43. Rc2 Ke4 44. Rb2 Kf4 45. Rd2 g3 46. f3 Ra3 47. Rb2 e4 48. Rb4 Ra2+ 49. Kf1 Rf2+ 50. Kg1 Re2 51. Kf1 Rf2+ 52. Kg1 Re2 53. Kf1 Rf2+ 1/2-1/2


[Site "https://www.chess.com"]

[Event "Titled Tuesday Blitz December 20 Late 2022"]
[White "Araujo, Everson De Moura"]
[Black "Berezin, Viktor"]
[WhiteFideId "22737197"]
[BlackFideId "14107872"]
[WhiteElo "2035"]
[BlackElo "2310"]
[Result "0-1"]
[Round "04"]
[TimeControl "180+1"]
[Date "2022.12.21"]
[WhiteClock "0:00:19"]
[BlackClock "0:01:02"]

1. c4 Nf6 2. Nc3 g6 3. g3 Bg7 4. Bg2 O-O 5. e4 d6 6. Nge2 e5 7. O-O Nc6 8. h3 Nd7 9. f4 Nc5 10. d3 Nd4 11. Rb1 a5 12. Be3 f5 13. a3 a4 14. Bxd4 exd4 15. Nd5 Re8 16. Qc2 fxe4 17. dxe4 d3 18. Qd1 dxe2 19. Qxe2 Nxe4 20. Bxe4 Bf5 21. Rbe1 Rxe4 22. Qxe4 Bxe4 23. Rxe4 c6 24. Ne7+ Kh8 25. f5 Qb6+ 26. Kh2 Rf8 27. Rh4 Qxb2+ 28. Kh1 Rf7 29. Nxg6+ Kg8 30. Nf4 Rxf5 31. Re1 Be5 32. Rg4+ Kf7 33. Nh5 Rxh5 0-1


[Site "https://www.chess.com"]

[Event "Titled Tuesday Blitz December 20 Late 2022"]
[White "Araujo Sanchez, Josue"]
[Black "Dubov, Daniil"]
[WhiteFideId "6416896"]
[BlackFideId "24126055"]
[WhiteElo "2370"]
[BlackElo "2792"]
[Result "0-1"]
[Round "04"]
[TimeControl "180+1"]
[Date "2022.12.20"]
[WhiteClock "0:00:23"]
[BlackClock "0:00:51"]

1. c4 g6 2. Nc3 c5 3. g3 Bg7 4. Bg2 Nc6 5. Rb1 e6 6. a3 Nge7 7. b4 d5 8. cxd5 Nxd5 9. Nxd5 exd5 10. bxc5 O-O 11. Nf3 d4 12. O-O Qe7 13. d3 Re8 14. Bf4 Qxc5 15. a4 Qe7 16. Re1 h6 17. h4 Be6 18. Qc1 Kh7 19. Qb2 b6 20. Nd2 Rac8 21. Ne4 Red8 22. Rbc1 Ne5 23. Rxc8 Rxc8 24. Qb5 Bd7 25. Qa6 Rc7 26. Nd2 Qb4 27. h5 g5 28. Bxe5 Qxd2 29. Bxc7 Qxe1+ 30. Kh2 Qxf2 31. Qc4 Be6 32. Qc6 Qxe2 33. Kh1 Qxh5+ 34. Kg1 Qd1+ 35. Kh2 Bf5 36. Be4 Qe2+ 37. Kg1 Bxe4 38. dxe4 d3 39. Qd5 Bd4+ 40. Kh1 Qf1+ 41. Kh2 Bg1+ 42. Kh1 d2 0-1


[Site "https://www.chess.com"]